 Dungeon Crawl Stone Soup version 0.23-b1-13-gf37ab262a9 (webtiles) character file.

Game seed: 2986109101873265533

2721 Brecoman the Sneak (level 9, 0/75 HPs)
             Began as a Demigod Assassin on Feb 2, 2019.
             Slain by a +4 trident of chaos (3 damage)
             ... while petrified by a +4 trident of chaos
             ... on level 6 of the Dungeon.
             The game lasted 00:36:26 (10669 turns).

Brecoman the Sneak (Demigod Assassin)              Turns: 10669, Time: 00:36:26

Health: 0/75       AC:  6    Str: 16    XL:     9   Next: 17%
Magic:  9/11       EV:  2    Int: 15    God:
Gold:   320        SH:  0    Dex: 21    Spells: 8/8 levels left

rFire    . . .     SeeInvis +   a - +4 dagger
rCold    . . .     Gourm    .   (no shield)
rNeg     + + +     Faith    .   A - +2 robe {Archmagi}
rPois    ∞         Spirit   .   (no helmet)
rElec    .         Reflect  .   d - +1 cloak
rCorr    .         Harm     .   (no gloves)
MR       .....                  (no boots)
Stlth    ++++......             (no amulet)
HPRegen  0.22/turn              q - ring of see invisible
MPRegen  0.12/turn              w - ring of wizardry

@: petrified
A: high mp 1
a: no special abilities


You were on level 6 of the Dungeon.
You were not hungry.

You visited 1 branch of the dungeon, and saw 6 of its levels.

You collected 320 gold pieces.

Inventory:

Hand Weapons
 a - a +4 dagger (weapon)
 b - a +0 blowgun
 m - a +2 dagger
Missiles
 e - 21 poisoned needles
 f - 2 curare-tipped needles
 i - 137 stones (quivered)
 D - 8 needles of sleeping
Armour
 c - a +0 robe
 d - a +1 cloak (worn)
 l - a +0 ring mail
 A - a +2 robe of the Archmagi (worn)
Jewellery
 q - a ring of see invisible (left hand)
 u - an uncursed ring of magical power
 w - a ring of wizardry (right hand)
 B - an uncursed ring of fire
Wands
 j - a wand of flame (15)
 s - a wand of iceblast (10)
 v - a wand of acid (6)
Scrolls
 n - a scroll of amnesia
 o - 4 scrolls of identify
 r - 3 scrolls of magic mapping
 t - a scroll of remove curse
 y - 2 scrolls of enchant armour
 C - a scroll of torment {unknown}
Potions
 h - 2 potions of haste
 k - a potion of degeneration {unknown}
 p - 2 potions of flight {unknown}
 x - a potion of brilliance {unknown}
 z - 2 potions of agility {unknown}
Comestibles
 g - 14 rations
 E - 6 chunks of flesh


   Skills:
 + Level 6.1 Fighting
 + Level 6.1 Short Blades
 - Level 1.7 Throwing
 + Level 5.9 Dodging
 + Level 7.4 Stealth


You had 8 spell levels left.
You didn't know any spells.
Your spell library was empty.

Dungeon Overview and Level Annotations

Branches:
Dungeon (6/15)             Temple (0/1) D:5

Annotations:
D:3 Shada's ghost, amateur DsGl
D:6 Peloso's ghost, novice MiFi


Innate Abilities, Weirdness & Mutations

You have an increased reservoir of magic. (+10% MP)


Message History

A shimmering altar of Xom.
Unknown command.
Peloso's ghost makes a sound of rattling chains.
The +4 trident of chaos hits you but does no damage.
Some of the chunks of flesh in your inventory have rotted away.
You have turned to stone.
The +4 trident of chaos barely misses you.
The +4 trident of chaos hits you. The +4 trident of chaos freezes you.
The +4 trident of chaos hits you! Space bends around you.
The +4 trident of chaos hits you! The +4 trident of chaos freezes you.
The +4 trident of chaos hits you!!
* * * LOW HITPOINT WARNING * * *
The +4 trident of chaos burns you!
* * * LOW HITPOINT WARNING * * *
The +4 trident of chaos hits you!
* * * LOW HITPOINT WARNING * * *
The +4 trident of chaos burns you.
* * * LOW HITPOINT WARNING * * *
The +4 trident of chaos hits you.
You die...

#..........
#.#########
##+#'###
#......# ###
#......# ##.##
#......#
#.W.###......#
###(##........#
#...@..########
###....# ######


You could see a +4 trident of chaos and Peloso's ghost.

Vanquished Creatures
  Sigmund (D:5)
  Duvessa (D:6)
  An orc warrior (D:6)
  2 phantoms (D:5)
  5 ogres
  2 ice beasts
  2 sky beasts (D:5)
  2 centaurs
  Blork the orc (D:5)
  A bullfrog (D:6)
  Dowan (D:6)
  2 scorpions
  A howler monkey (D:4)
  2 bullfrog zombies (D:6)
  4 jellies
  A centaur skeleton (D:4)
  2 orc priests
  2 hounds (D:6)
  An orc wizard (D:5)
  An iguana (D:6)
  Natasha (thrice) (D:4)
  7 worker ants
  A hound skeleton (D:6)
  9 adders
  A hound simulacrum (D:5)
  2 shadow imps
  A howler monkey simulacrum (D:5)
  2 oozes
  An adder skeleton (D:5)
  5 worms
  5 dart slugs
  An adder simulacrum (D:5)
  6 leopard geckos
  16 orcs
  3 ball pythons
  6 giant cockroaches
  10 goblins
  8 hobgoblins
  12 jackals
  13 kobolds
  3 quokkas
  4 bats
  4 frilled lizards
  A jackal skeleton (D:4)
  2 quokka simulacra (D:5)
  A quokka skeleton (D:4)
  6 rats
168 creatures vanquished.

Notes
Turn   | Place    | Note
-------+----------+-------------------------------------------
     0 | D:1      | Brecoman the Demigod Assassin began the quest for the Orb.
     0 | D:1      | Reached XP level 1. HP: 17/17 MP: 3/3
    48 | D:1      | Reached skill level 1 in Dodging
   362 | D:1      | Reached XP level 2. HP: 21/24 MP: 4/4
   833 | D:1      | Reached XP level 3. HP: 28/29 MP: 5/5
  1129 | D:2      | Found a faded altar of an unknown god.
  1169 | D:2      | Reached skill level 4 in Stealth
  1321 | D:2      | Found a sparkling altar of Nemelex Xobeh.
  1933 | D:3      | Reached XP level 4. HP: 37/37 MP: 6/6
  2218 | D:3      | Noticed an ogre
  2237 | D:3      | Killed an ogre
  2237 | D:3      | Reached XP level 5. HP: 45/45 MP: 7/7
  2469 | D:3      | Found a burning altar of Makhleb.
  3166 | D:3      | Found an iron altar of Okawaru.
  3257 | D:3      | Noticed an ogre
  3782 | D:2      | Killed an ogre
  3782 | D:2      | Reached XP level 6. HP: 47/51 MP: 8/8
  4754 | D:4      | Reached skill level 5 in Stealth
  5095 | D:4      | Noticed Natasha
  5101 | D:4      | Killed Natasha
  5285 | D:4      | Reached XP level 7. HP: 34/58 MP: 9/9
  5452 | D:3      | Found a burning altar of Makhleb.
  5606 | D:4      | Noticed Natasha
  5620 | D:4      | Killed Natasha
  5651 | D:4      | Noticed Natasha
  5735 | D:4      | Killed Natasha
  5757 | D:4      | Found a snail-covered altar of Cheibriados.
  6257 | D:4      | Found a white marble altar of Elyvilon.
  6383 | D:5      | Entered Level 5 of the Dungeon
  6390 | D:5      | Noticed Blork the orc
  6403 | D:5      | Killed Blork the orc
  6532 | D:5      | Found a staircase to the Ecumenical Temple.
  6546 | D:5      | Found a runed translucent gate.
  6546 | D:5      | Found a runed translucent gate.
  6546 | D:5      | Found a runed translucent gate.
  6556 | D:5      | Reached skill level 6 in Stealth
  6609 | D:5      | Noticed Shada's ghost (amateur DsGl)
  6709 | D:4      | HP: 2/60 [ice beast (12)]
  6717 | D:4      | Reached XP level 8. HP: 16/67 MP: 10/10
  7076 | D:5      | Noticed Sigmund
  7100 | D:5      | Killed Sigmund
  7100 | D:5      | Reached skill level 5 in Fighting
  7100 | D:5      | Reached skill level 5 in Short Blades
  7403 | D:5      | Found a radiant altar of Vehumet.
  7404 | D:5      | Found an opulent altar of Gozag.
  7419 | D:5      | Reached skill level 5 in Dodging
  7422 | D:5      | Found a shadowy altar of Dithmenos.
  9229 | D:6      | Reached skill level 7 in Stealth
  9581 | D:6      | Noticed Dowan
  9583 | D:6      | Noticed Duvessa
  9887 | D:6      | Killed Duvessa
  9887 | D:6      | Reached XP level 9. HP: 34/75 MP: 11/11
  9902 | D:6      | Killed Dowan
 10655 | D:6      | Found a runed translucent door.
 10655 | D:6      | Found a shimmering altar of Xom.
 10655 | D:6      | Noticed Peloso's ghost (novice MiFi)
 10656 | D:6      | Noticed a +4 trident of chaos
 10668 | D:6      | HP: 3/75 [+4 trident of chaos (1)]
 10669 | D:6      | Slain by a +4 trident of chaos

Skill      XL: |  1  2  3  4  5  6  7  8  9 |
---------------+----------------------------+-----
Dodging        | 1 2 3 4 5 |  5.9
Fighting       | 2 3 4 5 6 |  6.1
Short Blades   | 2 3 4 5 6 |  6.1
Stealth        | 4 5 6 7 |  7.4
Throwing       | |  1.7

Action                   |  1- 3 |  4- 6 |  7- 9 || total
-------------------------+-------+-------+-------++-------
Melee: Dagger            |   154 |   218 |   414 ||   786
 Fire: Blowgun           |     7 |    42 |    20 ||    69
Throw: Stone             |     2 |       |       ||     2
  Use: Scroll            |       |     6 |     4 ||    10
       Potion            |       |       |     2 ||     2
 Stab: Sleeping          |     7 |    14 |    14 ||    35
       Distracted        |       |       |     1 ||     1
  Eat: Chunk             |     3 |     8 |    10 ||    21
       Ration            |       |     1 |     2 ||     3
Armor: Robe              |    27 |    21 |    53 ||   101
Dodge: Dodged            |    84 |   124 |   250 ||   458
